Map: Ulrena

Players

Jhyrachy - Winner!

  • Race: Zerg Zerg
  • League: Silver

MoczyMorda

  • Race: Protoss Protoss
  • League: Gold

VOD

Have the link to the VOD?

Description

Time

  • Played on: April 6, 2016, 11:37 a.m.
  • Length: 6:50
Show
View Real Time Build Order
Export as new Build Order

Jhyrachy Zerg - Winner!

Build Orders: Hatch First 

Get SALT Encoding   

  12  0:01  Drone  
  13  0:15  Drone  
  13  0:20  Overlord  
  14  0:39  Drone x3  
  17  1:01  Hatchery, Drone  
  17  1:05  Drone  
  17  1:06  Extractor  
  17  1:20  Spawning Pool  
  17  1:21  Drone  
  17  1:31  Drone  
  18  1:47  Drone  
  18  1:52  Drone  
  20  2:14  Queen  
  22  2:16  Queen  
  22  2:20  Drone x4  
  28  2:35  Overlord x2  
  28  2:53  Queen  
  28  2:56  Lair  
  30  2:58  Drone  
  30  3:01  Drone  
  30  3:02  Drone x3  
  35  3:18  Extractor  
  35  3:19  Spore Crawler  
  33  3:23  Spore Crawler  
  32  3:28  Drone x2  
  32  3:31  Drone x3  
  32  3:33  Drone x5  
  42  3:37  Extractor  
  41  3:42  Extractor  
  40  4:00  Spire  
  39  4:29  Queen  
  41  4:31  Hatchery  
  40  4:41  Zergling x8  
  44  4:59  Overlord x5  
  43  5:16  Queen  
  45  5:39  Mutalisk x3  
  45  5:40  Mutalisk x8  
  67  5:46  Drone  
  67  5:47  Drone x2  
Show
View Real Time Build Order
Export as new Build Order

MoczyMorda Protoss 

Build Orders: 1 Gate Expand 

Get SALT Encoding   

  12  0:03  Probe (Chrono Boost)  
  13  0:13  Probe (Chrono Boost)  
  14  0:24  Probe (Chrono Boost)  
  15  0:30  Pylon  
  15  0:48  Assimilator, Probe (Chrono Boost)  
  16  0:56  Gateway  
  16  1:01  Probe (Chrono Boost)  
  17  1:13  Probe (Chrono Boost)  
  18  1:23  Nexus  
  18  1:30  Probe (Chrono Boost)  
  19  1:40  Probe (Chrono Boost)  
  19  1:44  Cybernetics Core  
  20  1:51  Probe (Chrono Boost)  
  21  1:56  Assimilator  
  22  2:01  Probe (Chrono Boost)  
  22  2:07  Pylon  
  22  2:12  Probe (Chrono Boost)  
  25  2:30  Mothership Core (Chrono Boost)  
  25  2:38  Adept  
  25  2:43  Warp Gate (Chrono Boost)  
  27  2:46  Probe (Chrono Boost)  
  27  2:48  Probe  
  29  2:58  Twilight Council  
  29  3:09  Stalker  
  31  3:17  Probe  
  31  3:19  Probe  
  33  3:25  Nexus  
  33  3:34  Probe  
  33  3:35  Probe  
  33  3:38  Pylon  
  33  3:40  Stalker  
  37  3:47  Probe  
  38  3:51  Probe  
  39  3:56  Assimilator  
  39  4:04  Gateway  
  39  4:05  Probe  
  39  4:06  Probe, Gateway  
  41  4:13  Stalker  
  43  4:17  Probe  
  43  4:18  Probe  
  45  4:29  Blink, Probe  
  46  4:34  Probe  
  46  4:37  Probe  
  47  4:39  Probe  
  49  4:46  Probe  
  49  4:51  Robotics Facility  
  50  4:53  Pylon  
  50  4:58  Pylon  
  50  5:19  Probe  
  50  5:20  Probe  
  50  5:26  Probe  
  51  5:30  Probe  
  51  5:33  Assimilator, Probe, Stalker x2  
  51  5:34  Stalker  
  59  5:36  Probe  
  59  5:38  Immortal  
  64  5:46  Pylon  
  64  5:52  Probe x3, Pylon  
  67  6:04  Probe  
  67  6:08  Robotics Facility  
  67  6:10  Stalker x2  
Tags
 
Add a new tag
Caveats
  • Supply blocks, unpowered buildings, or Contaminate may cause inaccurate times.
  • Supply counts are checked every 10 seconds.